 Dungeon Crawl Stone Soup version 0.29.1-2-gbd0b4ee654 (webtiles) character file.

Game seed: 9672550505776461096

83 Descartes the Sneak (level 4, 0/36 HPs)
             Began as a Naga Fire Elementalist on Nov 27, 2022.
             Hit by a goblin thrown by Robin (2 damage)
             ... on level 3 of the Dungeon.
             The game lasted 00:04:04 (2302 turns).

Descartes the Sneak (Naga Fire Elementalist)        Turns: 2302, Time: 00:04:04

Health: 0/36       AC:  2    Str: 10    XL:     4   Next: 44%
Magic:  1/7        EV:  9    Int: 18    God:
Gold:   121        SH:  0    Dex: 11    Spells: 7/8 levels left

rFire   . . .      SeeInvis +   (no weapon)
rCold   . . .      Faith    .   (no shield)
rNeg    . . .      Spirit   .   a - +0 robe
rPois   +          Reflect  .   (no helmet)
rElec   .          Harm     .   (no cloak)
rCorr   .          Rampage  .   (no gloves)
Will    .....                   (no barding)
Stlth   ++........              (no amulet)
HPRegen 0.12/turn               (no ring)
MPRegen 0.10/turn               (no ring)

@: very slow
A: AC +1, large, see invisible, deformed body, poison resistance, slowness 2,
spit poison 1, naga tail 1
a: Spit Poison


You were on level 3 of the Dungeon.
You visited 1 branch of the dungeon, and saw 3 of its levels.

You collected 121 gold pieces.

Inventory:

Hand Weapons
 o - a +2 dagger of electrocution
Missiles
 m - a throwing net
Armour
 a - a +0 robe (worn)
 j - a +0 kite shield
Scrolls
 d - 3 scrolls of identify {unknown}
 e - 2 scrolls of immolation {unknown}
 f - a scroll of enchant armour {unknown}
 g - 3 scrolls of amnesia {unknown}
 h - a scroll of teleportation {unknown}
 i - a scroll of vulnerability {unknown}
 n - a scroll of silence {unknown}
Potions
 b - 2 potions of magic
 c - 3 potions of curing {unknown}
 k - 2 potions of mutation {unknown}
 l - 3 potions of haste {unknown}


   Skills:
 - Level 1.5 Dodging
 + Level 4.1 Stealth
 + Level 0.6 Shields
 + Level 2.5 Spellcasting
 + Level 2.0 Conjurations
 + Level 3.4 Fire Magic
 + Level 1.2 Evocations


You had 7 spell levels left.
You knew the following spells:

 Your Spells              Type           Power      Damage    Failure   Level
a - Foxfire               Conj/Fire      48%        2x1d6     5%          1

Your spell library contained the following spells:

 Spells                   Type           Power      Damage    Failure   Level
 Scorch                   Fire           28%        2d6       6%          2
 Conjure Flame            Conj/Fire      12%        6-21      17%         3
 Inner Flame              Hex/Fire       8%         N/A       26%         3
 Flame Wave               Conj/Fire      12%        2d6       50%         4


Dungeon Overview and Level Annotations

Branches:
Dungeon (3/15)

Altars:
Hepliaklqana
Yredelemnul

Shops:
D:1 !

Annotations:
D:3 Robin


Innate Abilities, Weirdness & Mutations

Your serpentine skin is tough. (AC +1)
You have supernaturally acute eyesight. (SInv)
Armour fits poorly on your strangely shaped body.
Your system is resistant to poisons. (rPois)
You cover ground very slowly.
You can spit poison.
You have a snake-like lower body.


Message History

The goblin hits you with a +0 dagger.
* * * LOW HITPOINT WARNING * * *
Casting: Foxfire (safe; 5% risk of failure)
Confirm with . or Enter, or press ? or * to list all spells.
You conjure some foxfire!
The goblin hits you but does no damage.
Unknown command.
The foxfire hits the goblin.
You kill the goblin!
The foxfire hits Robin.
Robin is heavily wounded.
Robin throws the goblin at you!
Unknown command.
The goblin no longer looks unusually strong.
Robin roars a battlecry!
The goblin goes into a battle-frenzy!
The goblin misses you. The goblin barely misses you.
There is a basalt altar of Yredelemnul here.
The hobgoblin attacks as you move away! The hobgoblin closely misses you.
The goblin barely misses you.
Casting: Foxfire (safe; 5% risk of failure)
Confirm with . or Enter, or press ? or * to list all spells.
You conjure some foxfire!
The foxfire hits the goblin.
The goblin is heavily wounded.
The hobgoblin barely misses you.
Your foxfire dissipates!
The goblin hits you with a +2 dagger of holy wrath.
* * * LOW HITPOINT WARNING * * *
The hobgoblin closely misses you.
The goblin unwields a +2 dagger of holy wrath.
It stops glowing.
The goblin wields a +0 sling.
The goblin shoots a sling bullet.
The sling bullet barely misses you.
The sling bullet hits the plant.
The plant begins to die.
The hobgoblin attacks as you move away! The hobgoblin barely misses you.
The hobgoblin no longer looks unusually strong.
Robin hits the bush but does no damage.
Robin roars a battlecry!
The hobgoblin goes into a battle-frenzy!
The goblin shoots a sling bullet.
The sling bullet barely misses you. Robin throws the goblin at you!
You die...

########.............#.#
#....P..........#
#.._.P..PP....###
#....P..PP....#
#gPPPP..PP..#.#
##.......PP..#.#
#........PP....#
##.g.PPPPPPP....##
#...@PPPPPPP.....##
+..g............>.#
#................##
##.<.....######.##
##.....## ##.## ##...##
##...## ##'## #.###.#
#.# #.# #.# ########.#
#.###.#


You could see Robin, a hobgoblin (strong) and a goblin (strong).

Vanquished Creatures
  Jessica (D:2)
  A worm (D:2)
  A dart slug (D:2)
  8 bats
  6 endoplasms
  12 goblins
  4 hobgoblins
  3 quokkas (D:1)
  4 ball pythons
  4 frilled lizards
  4 rats
48 creatures vanquished.

Vanquished Creatures (collateral kills)
  A foxfire (D:3)
1 creature vanquished.

Vanquished Creatures (others)
  179 foxfires
179 creatures vanquished.

Grand Total: 228 creatures vanquished

Notes
Turn   | Place    | Note
-------+----------+-------------------------------------------
     0 | D:1      | Descartes the Naga Fire Elementalist began the quest for
                  | the Orb.
     0 | D:1      | Reached XP level 1. HP: 15/15 MP: 3/3
   166 | D:1      | Reached XP level 2. HP: 21/22 MP: 0/5
   375 | D:1      | Found a faded altar of an unknown god.
  1089 | D:1      | Found Kixaicw's Distillery.
  1334 | D:2      | Reached XP level 3. HP: 28/28 MP: 1/6
  1392 | D:2      | Found a hazy altar of Hepliaklqana.
  1813 | D:2      | Noticed Jessica
  1816 | D:2      | Killed Jessica
  1817 | D:2      | Reached skill level 1 in Evocations
  1817 | D:2      | Reached XP level 4. HP: 36/36 MP: 3/7
  2145 | D:3      | Reached skill level 4 in Stealth
  2194 | D:3      | Found a basalt altar of Yredelemnul.
  2261 | D:3      | Noticed Robin
  2298 | D:3      | HP: 1/36 [goblin/+2 dagger of holy wrath[Robin] (2)]
  2302 | D:3      | Hit by a goblin thrown by Robin

Illustrated notes

Levels and vault maps discovered:
D:1:      spicycebolla_green_bress_n_ham, layout_basic,
          ebering_ecumenical_altar_webs, serial_shops, shop,
          minmay_misc_feat_diagonals
D:2:      layout_rooms, basic_altar, uniq_jessica
D:3:      layout_loops_corners, minmay_overflow_temple_star_quad,
          mainiacjoe_overflow_chevrons, uniq_robin

Skill      XL: |  1  2  3  4 |
---------------+-------------+-----
Evocations     | 1 |  1.2
Stealth        | 4 |  4.1
Conjurations   | 2 |  2.0
Dodging        | |  1.5
Shields        | |  0.6
Spellcasting   | |  2.5
Fire Magic     | |  3.4

Action                   |  1- 3 |  4- 6 || total
-------------------------+-------+-------++-------
 Cast: Foxfire           |    83 |    24 ||   107
 Abil: Spit Poison       |     1 |     1 ||     2
Armor: Robe              |     6 |    15 ||    21
Dodge: Dodged            |     4 |    22 ||    26
